 Dungeon Sprint DCSS version 0.30-a0-219-gf2db51d15e (webtiles) character file.

Game seed: 5008029715824279767

2 rocky1 the Grave Robber (level 1, 13/13 HPs)
             Began as a Demonspawn Necromancer on Oct 8, 2022.
             Was an Initiate of Qazlal.
             Quit the game in the Dungeon (Sprint VII: "The Pits").
             The game lasted 00:00:59 (211 turns).

rocky1 the Grave Robber (Demonspawn Necromancer)     Turns: 211, Time: 00:01:00

Health: 13/13      AC:  2    Str:  8    XL:     1   Next: 33%
Magic:  3/3        EV: 12    Int: 16    God:    Qazlal [......]
Gold:   0          SH:  0    Dex: 13    Spells: 3/4 levels left

rFire   . . .      SeeInvis .    h - +2 falchion
rCold   . . .      Faith    .    (no shield)
rNeg    . . .      Spirit   .    a - +0 robe
rPois   .          Reflect  .    (no helmet)
rElec   .          Harm     .    (no cloak)
rCorr   .          Rampage  .    (no gloves)
Will    .....      NoTele   +    (no boots)
Stlth   ++........               (no amulet)
HPRegen 0.22/turn                (no ring)
MPRegen 0.08/turn                (no ring)

@: no status effects
A: no striking features
a: Renounce Religion


You were in the Dungeon.
You worshipped Qazlal.
Qazlal was noncommittal.
You visited 1 branch

Inventory:

Hand Weapons
 h - a +2 falchion (weapon)
Armour
 a - a +0 robe (worn)
Scrolls
 g - a scroll of blinking
 j - 5 scrolls of amnesia
 k - a scroll of summoning
Potions
 b - 5 potions of magic
 c - a potion of curing
 d - a potion of heal wounds
 e - a potion of haste
 f - 3 potions of berserk rage
 i - 2 potions of invisibility


   Skills:
 + Level 1.9 Dodging
 + Level 1.9 Stealth
 + Level 2.1 Spellcasting
 + Level 5.1 Necromancy


You had 3 spell levels left.
You knew the following spells:

 Your Spells              Type           Power      Damage    Failure   Level
a - Necrotise             Necr           72%        1d7       2%          1

Your spell library contained the following spells:

 Spells                   Type           Power      Damage    Failure   Level
 Vampiric Draining        Necr           18%        2d7       8%          3
 Animate Dead             Necr           18%        N/A       24%         4
 Agony                    Necr           18%        N/A       56%         5


Dungeon Overview and Level Annotations

Branches:
Dungeon (1/1)

Altars:
Ashenzari
Cheibriados
Dithmenos
Fedhas
Gozag
Hepliaklqana
Kikubaaqudgha
Makhleb
Nemelex Xobeh
Okawaru
Qazlal
Ru
Sif Muna
Trog
Uskayaw
Vehumet
Wu Jian
Xom
Yredelemnul
Jiyva
Lugonu


Message History

a +2 quarterstaff; a +2 trident You see here a +2 dagger.
Things that are here:
a +2 mace; a +2 hand axe
There is an open door here.
You open the door.
Found five altars.
Found fourteen altars.
There is an open door to the Temple (Safe) here.
Found three altars.
There is a bloodstained altar of Trog here.
Found three altars.
There is a shimmering blue altar of Sif Muna here.
There is a sacrificial altar of Ru here.
There is a stormy altar of Qazlal here.
There is a sacrificial altar of Ru here.
There is a shimmering blue altar of Sif Muna here.
There is a sacrificial altar of Ru here.
There is a stormy altar of Qazlal here.
There is an iron altar of Okawaru here.
There is a sparkling altar of Nemelex Xobeh here.
There is a burning altar of Makhleb here.
There is a corrupted altar of Lugonu here.
There is a burning altar of Makhleb here.
There is a sparkling altar of Nemelex Xobeh here.
There is an iron altar of Okawaru here.
There is a stormy altar of Qazlal here.
There is a sacrificial altar of Ru here.
There is a stormy altar of Qazlal here.
You kneel at the altar of Qazlal.
Qazlal welcomes you!
Qazlal grants you and your divine allies immunity to clouds.
There is a sacrificial altar of Ru here.
There is a shimmering blue altar of Sif Muna here.
There is a bloodstained altar of Trog here.
There is an open door to the Temple (Safe) here.
Are you sure you want to abandon this character and quit the game? (Confirm with "yes".)
Okay, then.
Unknown command.
Are you sure you want to abandon this character and quit the game? (Confirm with "yes".)

############
#_________.#
#_________.#
#_______...###########++
##########'##...........
#.?(.')))'.##......#..#.
##########.##...........
.......@.'...........
####+#####......#..#.
#...........
####'#####++ #.......#
#.......# #.......#
#...<...# #.......#


There were no monsters in sight!

Vanquished Creatures
  2 jackals (D)
2 creatures vanquished.

Notes
Turn   | Place    | Note
-------+----------+-------------------------------------------
     0 | D        | rocky1 the Demonspawn Necromancer began the quest for the
                  | Orb.
     0 | D        | Reached XP level 1. HP: 13/13 MP: 3/3
    19 | D        | Reached skill level 5 in Necromancy
   179 | D        | Found a bloodstained altar of Trog.
   179 | D        | Found a shimmering blue altar of Sif Muna.
   179 | D        | Found a viscous altar of Jiyva.
   179 | D        | Found a hazy altar of Hepliaklqana.
   179 | D        | Found an opulent altar of Gozag.
   180 | D        | Found a basalt altar of Yredelemnul.
   180 | D        | Found a shimmering altar of Xom.
   180 | D        | Found an ornate altar of the Wu Jian Council.
   180 | D        | Found a sacrificial altar of Ru.
   180 | D        | Found a stormy altar of Qazlal.
   180 | D        | Found an iron altar of Okawaru.
   180 | D        | Found a sparkling altar of Nemelex Xobeh.
   180 | D        | Found a burning altar of Makhleb.
   180 | D        | Found a blossoming altar of Fedhas.
   180 | D        | Found a shadowy altar of Dithmenos.
   180 | D        | Found a snail-covered altar of Cheibriados.
   183 | D        | Found a corrupted altar of Lugonu.
   183 | D        | Found a radiant altar of Vehumet.
   184 | D        | Found an ancient bone altar of Kikubaaqudgha.
   184 | D        | Found a hide-covered altar of Uskayaw.
   184 | D        | Found a broken altar of Ashenzari.
   201 | D        | Became a worshipper of Qazlal Stormbringer
   211 | D        | Quit the game

Illustrated notes

Levels and vault maps discovered:
D:        pitsprint [storerooms_1, entrance_room_1, metal_vault_1, armoury_2,
          mini_pit_1, grid_room_1, main_hall_1, silver_pit, the_coven_1,
          the_vestibule_1, steel_vault_4, golden_pit, hallway_of_sentries,
          crystal_vault_3, iron_vault_4, final_vault]

Skill      XL: |  1 |
---------------+----+-----
Necromancy     | 5 |  5.1
Dodging        | |  1.9
Stealth        | |  1.9
Spellcasting   | |  2.1

Action                   || total
-------------------------++-------
 Cast: Necrotise         ||     3

Table legend: (Time is in decaauts)
 A = Elapsed time spent in this place.
 B = Non-inter-level travel time spent in this place.
 C = Inter-level travel time spent in this place.
 D = Time resting spent in this place.
 E = Time spent auto-exploring this place.
 F = Levels seen in this place.
 G = Mean time per level.
                   A        B        C        D        E       F      G
               +--------+--------+--------+--------+--------+-----+--------+
         Total |    210 |    210 |      0 |    131 |      0 |   1 |  210.0 |
       Dungeon |    210 |    210 |      0 |    131 |      0 |   1 |  210.0 |
               +--------+--------+--------+--------+--------+-----+--------+

Top non-repeatable levels by time:
       D: 210 daAuts
